AoeStats
← Mon Bosson

Hideout

509144530Analyzed
1v1 RM · 5d ago on Sep 25, 2026· 71m 19s· 2 players
Game mode
Random Map
Map size
Tiny (2 player)
Population
200
Speed
Normal
Resources
Standard
Victory
Conquest
Starting age
Dark Age
Ending age
Imperial Age
RankedLock teamsTeams togetherTeam positionsShared explorationLock speedFull tech treeHidden civsTurbo modeCheats
Victory
Defeat
🇺🇸 Magyars · United States
778
+15
🇸🇪 Inca · Sweden
757
-15
Mon Bosson
8:42 Feudal Age
9:15 Double-Bit Axe
10:56 Horse Collar
19:16 Castle Age
20:47 Heavy Plow
20:58 Bow Saw
20:41 Gold Mining
20:41 Stone Mining
22:53 Scale Mail Armor
31:06 Imperial Age
30:32 Wheelbarrow
29:42 Loom
30:37 Gold Shaft Mining
30:05 Padded Archer Armor
31:02 Chain Mail Armor
32:27 Conscription
32:41 Crop Rotation
33:11 Elite Kamayuk
33:45 Champi Runner
34:25 Squires
34:12 Arson
34:43 Champi Warrior
35:58 Plate Mail Armor
35:41 Forging
37:38 Fabric Shields
37:39 Andean Sling
38:17 Iron Casting
37:33 Fletching
37:58 Leather Archer Armor
39:19 Thumb Ring
46:02 Chemistry
44:54 Heated Shot
45:26 Ballistics
47:33 Onager
67:18 Pikeman
Rossayyyy
5:13 Loom
11:47 Feudal Age
15:19 Double-Bit Axe
18:08 Castle Age
16:59 Horse Collar
19:48 Stone Mining
20:58 Fervor
22:30 Bow Saw
26:23 Town Watch
27:41 Wheelbarrow
27:12 Town Patrol
32:14 Imperial Age
30:03 Hand Cart
32:56 Fletching
33:06 Padded Archer Armor
33:13 Scale Barding Armor
33:09 Scale Mail Armor
33:54 Parthian Tactics
33:35 Thumb Ring
32:52 Heavy Cavalry Archer
32:53 Elite Skirmisher
33:07 Heavy Cavalry Archer
33:53 Thumb Ring
34:01 Recurve Bow
34:23 Conscription
34:09 Corvinian Army
35:17 Chemistry
34:30 Masonry
34:32 Gold Mining
34:48 Husbandry
34:59 Bloodlines
34:49 Bodkin Arrow
35:13 Leather Archer Armor
35:29 Chain Barding Armor
36:49 Two-Man Saw
36:48 Hoardings
38:51 Gold Shaft Mining
39:41 Bracer
40:12 Ring Archer Armor
40:18 Plate Barding Armor
39:59 Chain Mail Armor
40:27 Ballistics
40:04 Murder Holes
41:59 Elite Magyar Huszar
43:58 Light Cavalry
44:58 Hussar
60:42 Elite Magyar Huszar
61:56 Man-at-Arms
62:24 Arson
Connection lost

Rejoining the realm…

Still unreachable

The connection could not be restored.

Session expired

The server has moved on; the page needs a fresh start.